Map: Cerulean Fall LE

Players

SpeCial

  • Race: Terran Terran
  • Spawn Location: 1:00

Astrea - Winner!

  • Race: Protoss Protoss
  • League: Grandmaster
  • Spawn Location: 7:00

Event: Cheeseadelphia 8

VOD

Have the link to the VOD?

Description

Time

  • Played on: Dec. 8, 2018, 3:02 p.m.
  • Length: 12:01

All games in this series

Show
View Real Time Build Order
Export as new Build Order

SpeCial Terran 

Build Orders: Cyclone Opening 

Get SALT Encoding   

  12  0:00  SCV  
  13  0:13  SCV  
  14  0:17  Supply Depot  
  14  0:25  SCV  
  15  0:39  SCV  
  15  0:40  Barracks  
  16  0:46  Refinery  
  16  0:51  SCV  
  16  0:56  Refinery  
  17  1:03  SCV  
  18  1:15  SCV  
  19  1:30  Orbital Command  
  19  1:31  Reaper  
  20  1:41  Supply Depot  
  20  1:47  Factory  
  20  1:56  SCV  
  21  2:05  Ghost Academy  
  21  2:08  SCV  
  22  2:21  SCV  
  23  2:26  Barracks Tech Lab  
  23  2:33  SCV  
  25  2:38  Factory Tech Lab  
  25  2:43  Ghost  
  25  2:47  SCV  
  25  2:48  Supply Depot  
  26  2:57  Cyclone  
  29  2:59  SCV  
  30  3:11  SCV  
  33  3:25  SCV  
  34  3:30  Command Center  
  30  3:35  Siege Tank  
  30  3:39  SCV  
  30  3:40  Starport  
  34  3:50  Barracks  
  34  3:51  SCV  
  35  4:03  Supply Depot, SCV  
  35  4:07  Barracks  
  36  4:13  Siege Tank  
  39  4:17  Starport Tech Lab  
  39  4:25  SCV  
  40  4:37  Raven, SCV  
  43  4:38  Barracks Reactor  
  43  4:43  Orbital Command  
  43  4:49  SCV  
  44  4:57  Refinery, Marine, Engineering Bay  
  44  4:58  Factory Reactor  
  45  5:01  SCV  
  46  5:13  SCV  
  47  5:14  SCV  
  47  5:16  Marine  
  47  5:17  Marine x2  
  47  5:18  Supply Depot, Stimpack  
  51  5:25  Terran Infantry Weapons Level 1, SCV  
  51  5:26  SCV  
  53  5:28  Marine  
  54  5:35  Marine x2  
  54  5:36  Marine  
  54  5:37  SCV  
  54  5:38  SCV  
  54  5:42  Refinery  
  59  5:45  Factory Tech Lab  
  59  5:46  Marine  
  61  5:50  SCV x2  
  61  5:51  Barracks  
  61  5:52  Medivac x2  
  61  5:53  Marine x2  
  68  5:59  Barracks  
  68  6:01  Marine  
  68  6:02  SCV  
  70  6:08  Supply Depot  
  70  6:14  Marine x3, SCV x2, Siege Tank  
  78  6:24  Combat Shield  
  78  6:29  Marine  
  78  6:30  SCV x2  
  78  6:31  Supply Depot  
  78  6:32  Marine x2  
  83  6:33  Supply Depot  
  83  6:37  Medivac  
  85  6:41  Marine  
  86  6:53  Medivac, Marine x3  
  91  6:54  Supply Depot  
  91  6:56  Siege Tank  
  94  7:01  Supply Depot, Marine x2  
  94  7:07  Medivac  
  98  7:09  Marine  
  98  7:10  Marine  
  98  7:14  Marine x2  
  102  7:19  Marine x2  
  104  7:26  Marine  
  104  7:28  Marine  
  104  7:29  Siege Tank  
  109  7:32  Marine  
  110  7:37  Marine x2  
  112  7:44  Marine x2  
  112  7:46  Marine  
  112  7:49  Marine  
  116  7:55  Marine x2  
  118  8:02  Marine  
  118  8:04  Marine  
  118  8:10  Marine  
  118  8:11  Marine  
  118  8:16  Marine  
  22  11:13  Orbital Command  
Show
View Real Time Build Order
Export as new Build Order

Astrea Protoss - Winner!

Build Orders: 1 Gate Expand, Blink Stalkers 

Get SALT Encoding   

  12  0:00  Probe  
  13  0:13  Probe  
  14  0:19  Pylon  
  14  0:25  Probe  
  15  0:34  Probe  
  15  0:38  Gateway  
  15  0:42  Probe  
  16  0:48  Assimilator  
  17  0:51  Probe  
  18  1:03  Probe  
  19  1:15  Probe  
  20  1:25  Cybernetics Core  
  20  1:33  Nexus  
  20  1:36  Probe  
  21  1:44  Pylon  
  21  1:48  Probe  
  22  1:54  Stalker  
  22  1:55  Assimilator  
  22  2:00  Probe  
  25  2:09  Warp Gate  
  25  2:13  Probe  
  25  2:25  Probe  
  25  2:29  Stalker  
  27  2:37  Probe  
  27  2:45  Probe  
  27  2:49  Probe  
  29  2:53  Twilight Council  
  29  2:55  Stalker  
  29  2:57  Probe  
  30  3:01  Probe  
  33  3:10  Probe  
  34  3:13  Probe  
  32  3:23  Probe  
  32  3:25  Probe  
  30  3:27  Blink  
  30  3:32  Probe  
  30  3:37  Probe  
  30  3:40  Probe  
  32  3:47  Probe  
  33  3:49  Probe  
  33  3:55  Probe  
  35  4:01  Probe  
  37  4:04  Probe  
  38  4:12  Stalker  
  38  4:13  Probe  
  38  4:16  Probe  
  42  4:22  Robotics Facility  
  42  4:25  Probe  
  42  4:28  Probe  
  42  4:29  Pylon  
  44  4:37  Probe  
  45  4:39  Gateway  
  45  4:40  Probe  
  46  4:49  Probe  
  46  4:52  Probe  
  46  5:00  Nexus  
  46  5:01  Stalker, Probe  
  46  5:06  Pylon  
  49  5:08  Probe, Observer  
  49  5:14  Probe  
  52  5:19  Pylon  
  52  5:22  Observer  
  52  5:24  Forge  
  52  5:26  Probe x2  
  52  5:27  Forge  
  54  5:33  Charge  
  55  5:37  Gateway, Sentry  
  55  5:38  Probe  
  55  5:40  Probe  
  59  5:48  Gateway, Protoss Ground Weapons Level 1  
  59  5:53  Probe x2  
  59  5:54  Protoss Ground Armor Level 1  
  61  6:01  Gateway x2  
  61  6:05  Probe  
  61  6:07  Warp Prism  
  61  6:08  Probe  
  63  6:16  Probe  
  63  6:17  Probe  
  66  6:25  Zealot x2  
  66  6:29  Observer  
  70  6:34  Zealot  
  70  6:36  Pylon  
  70  6:39  Gateway  
  72  6:42  Pylon  
  72  6:45  Zealot x3  
  78  6:53  Immortal  
  82  6:55  Zealot x2  
  82  6:56  Zealot  
  88  7:08  Zealot x3, Pylon  
  92  7:10  Gateway  
  94  7:15  Probe  
  94  7:16  Probe x2  
  94  7:21  Zealot x2  
  101  7:26  Pylon  
  101  7:27  Pylon  
  101  7:29  Zealot x4  
  109  7:43  Pylon  
  108  7:52  Immortal  
  108  7:57  Zealot x6  
  124  8:03  Zealot  
  120  8:19  Zealot x7  
  124  8:34  Zealot  
  122  8:40  Zealot x5  
  130  8:42  Pylon  
  130  8:43  Pylon  
  130  8:44  Pylon  
  124  8:50  Zealot x2  
  123  9:04  Zealot x2  
  107  9:32  Nexus  
  107  9:40  Pylon  
  107  10:23  Observer  
  40  11:15  Probe  
  41  11:24  Probe  
Tags
 
Add a new tag
Caveats
  • Supply blocks, unpowered buildings, or Contaminate may cause inaccurate times.
  • Supply counts are checked every 10 seconds.